 Dungeon Crawl Stone Soup version 0.27.1-34-g3ba077fa99 (webtiles) character file.

Game seed: 3319713551370779573

16 crat75 the Skirmisher (level 2, -3/26 HPs)
             Began as a Draconian Berserker on Jan 18, 2022.
             Was a Follower of Trog.
             Slain by Robin (6 damage)
             ... on level 2 of the Dungeon.
             The game lasted 00:03:14 (1116 turns).

crat75 the Skirmisher (Draconian Berserker)         Turns: 1116, Time: 00:03:15

Health: -3/26      AC:  4    Str: 19    XL:     2   Next: 41%
Magic:  2/2        EV: 12    Int:  7    God:    Trog [*.....]
Gold:   34         SH:  0    Dex: 10    Spells: 1/1 levels left

rFire    . . .     SeeInvis .   a - +0 mace
rCold    . . .     Faith    .   (no shield)
rNeg     . . .     Spirit   .   (armour unavailable)
rPois    .         Reflect  .   (helmet restricted)
rElec    .         Harm     .   (no cloak)
rCorr    .         Rampage  .   (no gloves)
Will     .....                  (no boots)
Stlth    +.........             (no amulet)
HPRegen  0.08/turn              (no ring)
MPRegen  0.08/turn              (no ring)

@: no status effects
A: AC +4, unfitting armour, cold-blooded
a: Renounce Religion, Berserk


You were on level 2 of the Dungeon.
You worshipped Trog.
Trog was aware of your devotion.
You visited 1 branch of the dungeon, and saw 2 of its levels.

You collected 34 gold pieces.

Inventory:

Hand Weapons
 a - a +0 mace (weapon)
 d - a +0 hunting sling
Missiles
 b - 45 stones (quivered)
 e - 22 bolts
Scrolls
 c - a scroll of teleportation {unknown}
 f - a scroll of identify {unknown}
 g - a scroll of enchant weapon {unknown}
 i - 3 scrolls of amnesia {unknown}
 k - a scroll of blinking {unknown}
Potions
 h - a potion of ambrosia {unknown}
 j - a potion of cancellation {unknown}


   Skills:
 + Level 3.5 Fighting
 + Level 3.5 Maces & Flails
 + Level 2.8 Dodging


You had one spell level left.
You didn't know any spells.
Your spell library was empty.

Dungeon Overview and Level Annotations

Branches:
Dungeon (2/15)

Altars:

Annotations:
D:2 Robin


Innate Abilities, Weirdness & Mutations

Your plain brown scales are hard. (AC +4)
You cannot fit into any form of body armour.
You are cold-blooded and may be slowed by cold attacks.


Message History

A goblin comes into view.
It is wielding a +0 dagger of holy wrath.
Robin throws the goblin at you!
The goblin shouts!
You hit the goblin.
Your tail-slap misses the goblin.
The goblin is severely wounded.
The goblin hits you with a +0 dagger of holy wrath.
Robin throws the goblin at you!
You hit the goblin.
You kill the goblin!
Trog accepts your kill. The goblin hits you with a +0 dagger.
A hobgoblin comes into view.
Robin throws the goblin at you! The goblin hits you with a +0 club.
You see here a +0 dagger of holy wrath.
You barely miss the goblin. The goblin closely misses you.
The goblin hits you but does no damage. The goblin hits you with a +0 dagger.
You closely miss the goblin. You tail-slap the goblin.
The goblin is heavily wounded.
The goblin closely misses you.
Robin roars a battlecry!
The goblins go into a battle-frenzy!
The goblin barely misses you. The goblin hits you with a +0 club.
You barely miss the goblin.
The goblin is heavily wounded.
The goblin barely misses you.
A goblin comes into view. It is wielding a +0 dagger.
The goblin hits you with a +0 club.
You sock the goblin!
You kill the goblin!
Trog accepts your kill. Robin throws the goblin at you!
The goblin hits you with a +0 dagger.
You barely miss the goblin.
Your tail-slap misses the goblin.
Robin roars a battlecry!
The goblin goes into a battle-frenzy!
The goblin hits you with a +0 dagger.
* * * LOW HITPOINT WARNING * * *
You barely miss the goblin. The goblin hits you with a +0 dagger.
* * * LOW HITPOINT WARNING * * *
Robin hits you with a +3 falchion.
You die...

#.##.....#####.#
# #...#........#
#........#####
#...#.##.#
#...#.##.#
#####.##.#####
#.#......#
#g#..###.#
#@#..# #)#
#g#..# #.#
#g#..# #.#
#g#..###.#
#.#<.....#
#.######## #..
###


You could see Robin, a hobgoblin (strong) and 2 goblins.

Vanquished Creatures
  A bat (D:1)
  2 endoplasms
  A giant cockroach (D:1)
  4 goblins
  2 quokkas (D:1)
  A ball python (D:1)
  A frilled lizard (D:1)
  2 kobolds (D:2)
14 creatures vanquished.

Notes
Turn   | Place    | Note
-------+----------+-------------------------------------------
     0 | D:1      | crat75 the Draconian Berserker began the quest for the Orb.
     0 | D:1      | Reached XP level 1. HP: 19/19 MP: 1/1
   249 | D:1      | Found a faded altar of an unknown god.
   335 | D:1      | Reached XP level 2. HP: 26/26 MP: 2/2
  1105 | D:2      | Noticed Robin
  1116 | D:2      | Slain by Robin

Illustrated notes

Levels and vault maps discovered:
D:1:      lightli_arrival_flooded_house, layout_loops_ring,
          hellmonk_ecumenical_altar_slurped_away
D:2:      layout_basic, uniq_robin

Action                   || total
-------------------------++-------
Melee: Mace              ||    35
       Tailslap          ||     4
Armor: Skin              ||    10
Dodge: Dodged            ||    17
